Map: Turbo Cruise '84 LE

Players

ventel - Winner!

  • Race: Terran Terran
  • League: Platinum
  • Spawn Location: 3:00

PeLLy

  • Race: Zerg Zerg
  • League: Diamond
  • Spawn Location: 7:00

VOD

Have the link to the VOD?

Description

Time

  • Played on: Aug. 19, 2019, 2:29 a.m.
  • Length: 26:45
Show
View Real Time Build Order
Export as new Build Order

ventel Terran - Winner!

Build Orders:  

Get SALT Encoding   

  12  0:01  SCV  
  13  0:13  SCV  
  14  0:18  Supply Depot  
  14  0:25  SCV  
  15  0:30  Refinery  
  15  0:40  SCV  
  16  0:45  Barracks  
  16  0:52  SCV  
  17  1:04  SCV  
  18  1:16  SCV  
  19  1:31  Command Center  
  19  1:42  Orbital Command  
  19  1:48  Marine  
  20  2:05  Factory  
  20  2:12  Supply Depot, Marine  
  21  2:20  Bunker  
  21  2:24  SCV  
  21  2:29  Refinery  
  22  2:32  Barracks Reactor  
  22  2:38  SCV  
  23  2:44  Orbital Command  
  23  2:54  SCV  
  23  2:58  Supply Depot  
  24  3:00  Widow Mine  
  26  3:09  SCV  
  26  3:10  SCV  
  28  3:14  Marine  
  28  3:15  Marine  
  30  3:21  SCV  
  30  3:23  Factory Tech Lab  
  31  3:30  SCV  
  31  3:32  Marine x2  
  31  3:33  SCV  
  35  3:42  SCV  
  35  3:43  Siege Tank  
  35  3:45  Barracks, SCV  
  40  3:50  Marine x2  
  40  3:54  SCV  
  43  3:58  SCV  
  43  3:59  Refinery  
  44  4:06  SCV  
  44  4:07  Starport  
  44  4:08  Marine x2  
  47  4:10  SCV  
  48  4:18  SCV, Siege Tank  
  48  4:22  SCV  
  53  4:25  Engineering Bay  
  53  4:27  Marine  
  54  4:34  Supply Depot  
  54  4:35  Barracks Tech Lab  
  54  4:44  Barracks  
  54  4:47  Starport Reactor  
  54  4:53  Terran Infantry Weapons Level 1  
  54  4:54  Supply Depot  
  54  4:55  Marine  
  55  5:00  Stimpack  
  55  5:04  SCV x2  
  55  5:06  Marine  
  58  5:07  Marine  
  58  5:09  Siege Tank  
  62  5:16  SCV x2  
  64  5:27  Engineering Bay  
  64  5:28  SCV x2  
  64  5:31  Marine x2  
  64  5:32  Missile Turret, Barracks Tech Lab, Marine  
  69  5:40  SCV  
  70  5:49  Supply Depot  
  70  5:52  Supply Depot  
  70  5:53  Combat Shield  
  70  6:07  Command Center  
  70  6:10  Refinery  
  70  6:11  SCV, Medivac, Marine x2  
  77  6:17  SCV  
  77  6:18  Terran Infantry Armor Level 1  
  78  6:22  Medivac  
  78  6:23  SCV  
  78  6:25  Armory  
  79  6:29  SCV  
  69  6:49  Marine x2  
  69  6:50  Marauder x2  
  64  7:07  Marine x2  
  64  7:11  Marauder x2  
  68  7:25  Marine x2  
  70  7:32  Marauder, SCV x2, Marine  
  75  7:39  Orbital Command  
  75  7:43  Marine  
  75  7:45  Viking  
  73  8:19  Terran Infantry Weapons Level 2  
  73  8:20  Terran Infantry Armor Level 2  
  73  8:25  SCV x2  
  75  8:29  Orbital Command  
  75  8:36  Factory Tech Lab  
  75  8:38  Starport Reactor  
  75  8:42  Terran Vehicle Weapons Level 1  
  75  8:43  Marine x2  
  77  8:56  SCV x3, Supply Depot x2, Marine x2  
  82  9:11  Siege Tank  
  85  9:17  Marine x4  
  85  9:18  Medivac x2  
  93  9:30  Barracks  
  93  9:31  Barracks x2  
  93  9:32  Barracks  
  93  9:35  Marine x2  
  93  9:36  Marauder x2  
  99  9:41  Refinery  
  99  9:48  Medivac  
  99  9:52  Refinery  
  101  9:53  Supply Depot  
  101  9:55  Supply Depot  
  101  10:04  Liberator  
  101  10:08  Supply Depot  
  101  10:09  Supply Depot  
  101  10:14  Medivac, Marine x3  
  101  10:15  Siege Tank  
  101  10:16  Marine  
  110  10:27  Liberator  
  110  10:28  Barracks Reactor, Supply Depot x2  
  113  10:29  Barracks Reactor  
  113  10:32  Barracks Tech Lab  
  113  10:36  Marauder x2  
  113  10:37  Marine x2  
  113  10:38  Terran Infantry Weapons Level 3, Barracks Tech Lab  
  122  11:04  Viking, Marine x5  
  122  11:05  Marine  
  122  11:08  Terran Infantry Armor Level 3  
  130  11:24  Command Center  
  130  11:27  Viking  
  132  11:41  Marauder x2, Marine x4  
  132  11:42  Viking  
  132  11:44  Thor  
  132  11:46  Marine  
  149  11:51  Marine x3  
  149  11:53  Supply Depot  
  152  11:57  Viking  
  154  12:08  Marine  
  154  12:09  Marine x2  
  154  12:15  Viking, Marauder x2, Factory  
  163  12:36  Planetary Fortress  
  163  12:39  Thor  
  169  13:02  Marine x3  
  169  13:03  Marauder x3, Liberator  
  178  13:05  Factory Tech Lab  
  178  13:17  Liberator  
  180  13:36  Siege Tank  
  144  13:44  Marine x3  
  144  13:45  Marauder x2  
  131  13:51  Liberator  
  112  14:00  Liberator  
  108  14:08  Siege Tank  
  114  14:10  Thor  
  114  14:11  Marine  
  114  14:12  Marine x3  
  114  14:13  Marauder x2, Marine x3  
  134  14:27  Marine  
  134  14:29  Marine x3  
  138  14:31  Marauder  
  138  14:34  Marauder, Liberator  
  142  14:39  Thor  
  142  14:43  Marine x2  
  142  14:45  Command Center  
  153  15:09  Marine x5  
  153  15:11  Siege Tank  
  161  15:23  Siege Tank  
  164  15:46  Medivac x2  
  168  16:00  Siege Tank x2  
  168  16:02  Orbital Command  
  174  16:05  Marine x2  
  174  16:06  Marauder, Marine  
  174  16:07  Marauder  
  174  16:09  Supply Depot  
  174  16:10  Hi-Sec Auto Tracking  
  174  16:11  Neosteel Armor, Terran Vehicle Weapons Level 2  
  181  16:12  Supply Depot  
  181  16:14  Marine  
  181  16:15  Marine x2  
  181  16:16  Armory, Medivac x2  
  188  16:26  Marine x3  
  188  16:27  Marine x2  
  188  16:32  Siege Tank  
  196  16:35  Marine x3  
  196  16:46  Viking  
  198  17:17  Command Center  
  176  18:35  Planetary Fortress  
  176  18:40  Command Center  
  176  18:44  Refinery x2  
  173  18:57  Marine x2  
  173  18:58  Marauder, Marine  
  101  19:24  Marine  
  101  19:25  Marauder x3  
  92  19:43  Siege Tank x2  
  93  19:51  Marine x2  
  93  19:52  Marauder x3, Marine  
  88  19:53  Marine  
  90  20:04  Viking x2  
  93  20:07  Marine  
  93  20:09  Marine x2  
  93  20:10  Marine  
  93  20:13  Marauder  
  96  20:21  Liberator  
  96  20:25  Missile Turret  
  96  20:26  Missile Turret  
  96  20:34  Viking  
  98  20:36  Orbital Command  
  98  20:41  Marine x2  
  98  20:42  Siege Tank  
  106  20:47  Liberator  
  109  21:21  Medivac  
  102  21:26  Marine x3  
  102  21:27  Marine x2  
  102  21:28  Marauder x2, Marine  
  102  21:44  Marine x3  
  102  21:45  Marine x3  
  108  21:47  Medivac  
  108  21:51  Medivac  
  112  21:56  Marauder, Marine  
  115  22:04  Marauder  
  115  22:05  Marine x3  
  120  22:17  Medivac  
  120  22:18  SCV x2  
  120  22:21  Medivac, Marine x4  
  130  22:25  Marauder  
  132  22:37  Marine x3  
  132  22:39  Marauder, Marine  
  138  22:46  Marine x3  
  138  22:47  Medivac  
  138  22:48  Siege Tank  
  146  22:57  Orbital Command  
  146  23:01  Marauder  
  146  23:05  Marauder  
  150  23:12  Marine x3  
  152  23:13  Marine x3  
  152  23:19  Command Center  
  156  23:24  Viking x2  
  156  23:25  Marine x2  
  145  23:51  Marine  
  145  23:52  Marine x2  
  145  23:54  Viking  
  124  24:11  Marine x3  
  124  24:12  Marine x5  
  132  24:29  Marine  
  105  24:58  Liberator x2  
  90  25:07  Marauder x3, Marine x2  
  90  25:11  Siege Tank  
  90  25:13  Factory Tech Lab  
  91  25:17  Marine x3  
  97  25:25  Marine x2  
  97  25:28  Marauder, Marine x2  
  96  25:43  Siege Tank  
  96  25:47  Siege Tank  
  102  25:58  Medivac x2  
  102  26:04  Marine x3  
  106  26:05  Marauder x2  
  113  26:14  Marauder  
Show
View Real Time Build Order
Export as new Build Order

PeLLy Zerg 

Build Orders: Hatch First, Roach Nydus 

Get SALT Encoding   

  12  0:00  Drone  
  13  0:15  Overlord  
  13  0:27  Drone  
  14  0:34  Drone x2  
  16  0:40  Drone  
  17  0:55  Hatchery  
  16  1:00  Drone  
  17  1:12  Drone x2  
  19  1:19  Spawning Pool  
  19  1:24  Drone, Extractor  
  18  1:38  Drone  
  19  1:44  Overlord  
  19  1:53  Drone  
  20  2:06  Queen  
  20  2:07  Queen  
  24  2:14  Drone x2  
  26  2:17  Drone x2  
  28  2:26  Drone  
  29  2:30  Drone  
  30  2:40  Drone x2  
  32  2:55  Drone x2  
  34  3:09  Drone  
  34  3:10  Drone  
  34  3:11  Overlord  
  36  3:15  Lair  
  36  3:19  Overlord x2  
  36  3:29  Queen  
  36  3:30  Drone x6  
  36  3:33  Extractor  
  43  3:36  Extractor  
  42  3:41  Evolution Chamber  
  42  3:42  Evolution Chamber  
  40  3:52  Drone, Roach Warren  
  40  3:53  Drone x5  
  45  3:56  Extractor  
  44  4:16  Zerg Missile Weapons Level 1  
  44  4:18  Zerg Ground Armor Level 1  
  44  4:29  Overlord x3  
  44  4:34  Drone x3  
  44  4:36  Drone  
  48  4:41  Drone x2  
  48  4:44  Glial Reconstitution  
  50  4:48  Roach x3  
  50  4:50  Roach  
  50  4:51  Roach x2  
  62  4:57  Roach  
  62  4:58  Roach  
  66  5:00  Spore Crawler  
  66  5:03  Spore Crawler  
  64  5:09  Roach x4  
  72  5:14  Nydus Network  
  72  5:17  Overlord x2  
  71  5:30  Ravager x2  
  73  5:40  Drone  
  73  5:41  Drone  
  75  5:43  Drone  
  75  5:47  Ravager  
  75  5:48  Ravager x2  
  75  5:49  Roach  
  81  5:54  Roach x2  
  85  5:58  Roach x2  
  85  6:02  Queen  
  91  6:04  Queen  
  91  6:05  Overlord x2  
  91  6:06  Overlord x2  
  91  6:08  Nydus Canal  
  93  6:13  Roach x2  
  93  6:16  Roach  
  99  6:22  Overlord  
  93  6:52  Roach x6  
  89  7:11  Ravager  
  89  7:12  Ravager  
  89  7:13  Roach x2  
  81  7:23  Roach x2  
  72  7:40  Hatchery  
  72  7:42  Roach x4  
  77  7:49  Spire  
  76  7:51  Hydralisk Den  
  76  7:52  Infestation Pit  
  68  8:11  Roach  
  68  8:12  Roach x5  
  70  8:15  Zerg Missile Weapons Level 2  
  70  8:19  Zerg Ground Armor Level 2  
  70  8:23  Tunneling Claws  
  70  8:27  Ravager  
  71  8:51  Extractor x2  
  69  8:59  Drone  
  69  9:00  Drone x6  
  76  9:03  Ravager x5  
  81  9:11  Grooved Spines  
  81  9:22  Drone x8  
  90  9:31  Drone  
  90  9:32  Drone x3  
  90  9:36  Drone x8  
  101  9:52  Hatchery  
  100  9:54  Hydralisk x5  
  100  9:59  Baneling Nest  
  109  10:01  Metabolic Boost  
  109  10:03  Hydralisk x7  
  123  10:30  Hydralisk x7  
  123  10:35  Extractor  
  136  10:41  Nydus Canal  
  136  10:47  Pneumatized Carapace  
  136  10:50  Overseer  
  136  10:55  Overlord x8  
  136  11:13  Hive  
  136  11:15  Muscular Augments  
  136  11:29  Zergling x2  
  136  11:30  Zergling x24  
  136  11:32  Centrifical Hooks  
  149  11:50  Baneling x5  
  149  11:51  Baneling x13  
  149  11:54  Hydralisk x8  
  165  12:04  Extractor  
  164  12:10  Roach x3  
  170  12:36  Nydus Canal  
  170  13:05  Nydus Canal  
  170  13:14  Hydralisk  
  170  13:15  Hydralisk x6  
  170  13:19  Overlord x5  
  99  13:51  Hydralisk, Zergling x2  
  99  13:52  Zergling x8  
  94  14:03  Roach  
  96  14:14  Hatchery  
  95  14:21  Roach  
  95  14:22  Roach x3  
  101  14:44  Roach  
  101  14:45  Roach x7  
  117  14:50  Hatchery  
  117  14:52  Zergling x2  
  117  14:54  Baneling x6  
  117  15:04  Overseer x4  
  117  15:09  Overseer  
  117  15:10  Overseer  
  117  15:17  Drone x5  
  122  15:25  Hydralisk  
  124  15:29  Zergling x6  
  124  15:30  Zergling x8  
  124  15:32  Ravager x11  
  124  15:33  Ravager  
  124  15:34  Overlord  
  143  15:37  Greater Spire  
  143  15:38  Adrenal Glands  
  143  15:41  Zerg Melee Weapons Level 1  
  143  15:42  Zerg Missile Weapons Level 3  
  143  15:43  Hydralisk  
  143  15:44  Hydralisk x2  
  149  15:51  Hydralisk x8  
  165  15:58  Zergling x2  
  166  16:07  Hydralisk x3  
  166  16:08  Hydralisk  
  174  16:39  Extractor  
  171  16:42  Hydralisk x9  
  188  16:59  Zergling x4  
  188  17:00  Zergling x12  
  196  17:20  Hatchery  
  195  17:32  Nydus Canal  
  195  17:39  Baneling  
  195  17:40  Baneling x18  
  185  18:13  Zergling x22  
  185  18:14  Zergling x4  
  192  18:51  Hatchery  
  98  19:29  Zergling x18  
  88  19:49  Hydralisk x3  
  54  20:09  Zergling x10  
  54  20:10  Zergling x2  
  59  20:19  Drone x3  
  62  20:36  Queen x3  
  68  20:47  Queen  
  70  20:55  Hydralisk x7  
  84  20:58  Baneling x5  
  84  20:59  Baneling x2  
  84  21:01  Baneling  
  84  21:02  Baneling  
  83  21:12  Queen  
  83  21:13  Hatchery  
  79  21:29  Hydralisk  
  79  21:30  Hydralisk x5  
  85  21:41  Zergling x10  
  90  22:00  Hydralisk x4  
  98  22:06  Baneling  
  98  22:07  Baneling x4  
  98  22:15  Zergling x2  
  98  22:16  Zergling x4  
  101  22:46  Corruptor x3  
  101  22:47  Corruptor  
  109  22:53  Corruptor  
  111  23:02  Baneling x6  
  111  23:03  Baneling x2  
  104  23:28  Hydralisk  
  104  23:29  Hydralisk x6  
  74  23:55  Hydralisk  
  74  23:56  Hydralisk x5  
  74  23:58  Zergling x4  
  84  24:08  Zergling x6  
  84  24:09  Zergling x4  
  54  24:48  Zergling x8  
  54  24:49  Zergling x10  
  59  25:01  Hydralisk x3  
  53  25:18  Hydralisk x3  
  53  25:19  Hydralisk  
  55  25:32  Hydralisk x2  
  38  25:43  Zergling x2  
  38  25:44  Zergling x8  
  41  26:01  Zergling x6  
  41  26:03  Baneling x2  
  41  26:09  Baneling x2  
  37  26:20  Baneling  
  37  26:21  Baneling x2  
Tags
 
Add a new tag
Caveats
  • Supply blocks, unpowered buildings, or Contaminate may cause inaccurate times.
  • Supply counts are checked every 10 seconds.